[Event "December 19 Early 2023"]
[Site "https://www.chess.com"]
[Date "2023.12.19"]
[Round "9"]
[White "Korchynskyi, Mykola"]
[Black "Borawski, Jakub"]
[Result "0-1"]
[Board "97"]
[TimeControl "180+1"]
[WhiteFideId "34138005"]
[BlackFideId "1143000"]
[WhiteElo "2007"]
[BlackElo "2052"]
[WhiteTeam "UKR"]
[BlackTeam "POL"]
[WhiteClock "0:01:59"]
[BlackClock "0:01:55"]

1. d4 Nf6 2. c4 e6 3. Nc3 Bb4 4. Qc2 b6 5. a3 Bxc3+ 6. Qxc3 Bb7 7. Bg5 d6 8. e3 Nbd7 9. Ne2 h6 10. Bh4 g5 11. Bg3 Ne4 12. Qc2 f5 13. Nc3 Ndf6 14. Bd3 Nxc3 15. bxc3 Bxg2 16. Rg1 Be4 17. h4 Qd7 18. a4 a5 19. Qd2 Bxd3 20. Qxd3 Ne4 21. f3 Nxg3 22. Rxg3 gxh4 23. Rh3 Rg8 24. O-O-O Qxa4 25. Rxh4 Rg2 26. Rd2 Qa1+ 27. Kc2 Qa2+ 28. Kc1 Rxd2 29. Qxd2 Qxc4 30. Rxh6 O-O-O 31. e4 fxe4 32. fxe4 Rf8 33. Kc2 Rf1 34. Rh3 a4 35. Rh2 Qb3+ 36. Kd3 Rd1 0-1

[Event "December 19 Early 2023"]
[Site "https://www.chess.com"]
[Date "2023.12.19"]
[Round "9"]
[White "Kostiukov, Alexandr"]
[Black "Waldhausen Gordon, Frederick"]
[Result "0-1"]
[Board "98"]
[TimeControl "180+1"]
[WhiteFideId "14108100"]
[BlackFideId "2409143"]
[WhiteElo "2112"]
[BlackElo "2286"]
[WhiteTeam "UKR"]
[BlackTeam "SCO"]
[WhiteClock "0:00:00"]
[BlackClock "0:01:36"]

1. g3 d5 2. Bg2 g6 3. d3 Bg7 4. e4 dxe4 5. dxe4 Qxd1+ 6. Kxd1 Nf6 7. c3 O-O 8. f3 e5 9. Be3 Rd8+ 10. Nd2 Be6 11. Ke2 a5 12. Bh3 Bxh3 13. Nxh3 a4 14. Nc4 Nc6 15. Na3 Na5 16. Nf2 Bf8 17. Nc2 Nc4 18. Rab1 b5 19. Nd3 Nd7 20. Rhd1 Bd6 21. Ndb4 Nb8 22. Bc5 Na6 23. Nxa6 Rxa6 24. Nb4 Raa8 25. Bxd6 Rxd6 26. Rxd6 cxd6 27. b3 axb3 28. axb3 Nb6 29. Rd1 Rd8 30. Nd5 Nd7 31. Ne7+ Kf8 32. Nc6 Rc8 33. Rxd6 Nc5 34. Nxe5 Nxb3 35. Kd3 Nc5+ 36. Ke3 Na4 37. Kd4 Nxc3 0-1

[Event "December 19 Early 2023"]
[Site "https://www.chess.com"]
[Date "2023.12.19"]
[Round "9"]
[White "Mesa Cruz, Juan Carlos"]
[Black "Santos Flores, Alberto"]
[Result "0-1"]
[Board "99"]
[TimeControl "180+1"]
[WhiteFideId "6423400"]
[BlackFideId "3601234"]
[WhiteElo "2142"]
[BlackElo "2229"]
[WhiteTeam "DOM"]
[BlackTeam "ECU"]
[WhiteClock "0:00:00"]
[BlackClock "0:00:20"]

1. e4 e6 2. Qe2 c5 3. Nf3 Nc6 4. g3 g6 5. Bg2 Bg7 6. O-O Nge7 7. c3 O-O 8. Na3 d6 9. Nc2 Rb8 10. a4 a6 11. d4 cxd4 12. Nfxd4 Nxd4 13. Nxd4 d5 14. e5 Nc6 15. f4 Nxd4 16. cxd4 Bd7 17. Be3 Qb6 18. Rfc1 Rfc8 19. Rc5 Bf8 20. Rc3 Rxc3 21. bxc3 Qa5 22. Bd2 Bxa4 23. g4 Bb5 24. Qe1 Qc7 25. f5 Qd7 26. Qh4 Bd3 27. f6 Be4 28. Bxe4 dxe4 29. Re1 a5 30. Bh6 Qd8 31. Re3 Bxh6 32. Qxh6 Qf8 33. Qf4 a4 34. Qxe4 a3 35. Qb1 Ra8 36. Qa2 Qh6 37. Re1 Qf4 38. Rb1 Qxg4+ 39. Kf1 Qf5+ 40. Ke2 Qe4+ 41. Kf2 h5 42. Rxb7 Qxb7 43. h4 Qb2+ 0-1

[Event "December 19 Early 2023"]
[Site "https://www.chess.com"]
[Date "2023.12.19"]
[Round "9"]
[White "Horak, Martin"]
[Black "Koridze, Lile"]
[Result "1-0"]
[Board "100"]
[TimeControl "180+1"]
[WhiteFideId "367095"]
[BlackFideId "13612514"]
[WhiteElo "2091"]
[BlackElo "2061"]
[WhiteTeam "CZE"]
[BlackTeam "GEO"]
[WhiteClock "0:00:12"]
[BlackClock "0:00:17"]

1. d4 Nf6 2. Nf3 d5 3. c4 e6 4. Nc3 Bb4 5. Qa4+ Nc6 6. Bg5 h6 7. Bxf6 Qxf6 8. e3 O-O 9. a3 Bxc3+ 10. bxc3 Bd7 11. Qc2 dxc4 12. Bxc4 e5 13. O-O Rad8 14. Bd5 Bf5 15. Be4 Bxe4 16. Qxe4 exd4 17. cxd4 Rfe8 18. Qh4 Qg6 19. Qg3 Qd6 20. Qxd6 cxd6 21. Rfc1 Re7 22. Rc3 f5 23. g3 Kf7 24. h4 Ke6 25. Rb1 Rc7 26. Kg2 Rdc8 27. Rbc1 Kd7 28. Kf1 Ne7 29. Rxc7+ Rxc7 30. Rxc7+ Kxc7 31. Ke2 Kc6 32. Kd3 Nd5 33. Kc4 b5+ 34. Kb3 Nf6 35. h5 Nxh5 36. Nh4 Nf6 37. Nxf5 Ne4 38. Nxg7 Nxf2 39. Nf5 Ne4 40. g4 Kd5 41. Kb4 Nf2 42. Nxh6 Ke4 43. g5 Kxe3 44. g6 Ne4 45. g7 Nf6 46. Ng4+ 1-0

[Event "December 19 Early 2023"]
[Site "https://www.chess.com"]
[Date "2023.12.19"]
[Round "9"]
[White "Rangel, Daniel"]
[Black "Korol, Dimitry"]
[Result "1-0"]
[Board "101"]
[TimeControl "180+1"]
[WhiteFideId "2124475"]
[BlackFideId "14108003"]
[WhiteElo "2267"]
[BlackElo "2262"]
[WhiteTeam "BRA"]
[BlackTeam "UKR"]
[WhiteClock "0:00:42"]
[BlackClock "0:00:04"]

1. c4 c5 2. g3 g6 3. Bg2 Bg7 4. Nc3 Nc6 5. e3 Nh6 6. Nge2 Nf5 7. O-O h5 8. h4 a6 9. b3 Rb8 10. Bb2 d6 11. d3 Bd7 12. Qd2 O-O 13. Rad1 b5 14. e4 Nfd4 15. Nxd4 Nxd4 16. Ne2 e5 17. Nc3 Kh7 18. Nd5 f5 19. Bxd4 cxd4 20. Rc1 Be6 21. f4 Bxd5 22. cxd5 exf4 23. exf5 Rxf5 24. Be4 Rf7 25. Qe2 Kh6 26. Qd2 Qe7 27. Rxf4 Rxf4 28. Qxf4+ Kh7 29. Qf3 Rf8 30. Qxh5+ Kg8 31. Qxg6 Qf6 32. Qxf6 Bxf6 33. Rc6 Be5 34. Kg2 Kg7 35. Rxa6 Kf6 36. g4 Rg8 37. g5+ Ke7 38. Ra7+ Kf8 39. Ra8+ Kg7 40. Rxg8+ Kxg8 41. a4 bxa4 42. bxa4 Kf8 43. a5 Ke7 44. a6 Kd7 45. a7 Kc7 46. a8=Q 1-0

[Event "December 19 Early 2023"]
[Site "https://www.chess.com"]
[Date "2023.12.19"]
[Round "9"]
[White "Pogorelskikh, Sofia"]
[Black "Herman, Matthew"]
[Result "0-1"]
[Board "102"]
[TimeControl "180+1"]
[WhiteFideId "44164548"]
[BlackFideId "2028964"]
[WhiteElo "2031"]
[BlackElo "2368"]
[WhiteTeam "SRB"]
[BlackTeam "USA"]
[WhiteClock "0:00:59"]
[BlackClock "0:00:50"]

1. e4 e5 2. Nf3 Nc6 3. Nc3 Nf6 4. d4 exd4 5. Nxd4 Bb4 6. Nxc6 bxc6 7. Bd3 d5 8. exd5 O-O 9. O-O cxd5 10. Bg5 Be6 11. Qf3 h6 12. Bh4 g5 13. Bg3 Bg4 14. Qe3 d4 15. Qd2 dxc3 16. bxc3 Ne4 17. Qe3 Nxc3 18. Be5 Re8 19. Qg3 Ne2+ 20. Bxe2 Bxe2 21. Bxc7 Qf6 22. Rfc1 Bd2 23. Rcb1 Bc3 0-1

[Event "December 19 Early 2023"]
[Site "https://www.chess.com"]
[Date "2023.12.19"]
[Round "9"]
[White "Guimaraes, Wagner Peixoto"]
[Black "Avila Rodriguez, Joshua Ad"]
[Result "0-1"]
[Board "103"]
[TimeControl "180+1"]
[WhiteFideId "2100940"]
[BlackFideId "5126444"]
[WhiteElo "2140"]
[BlackElo "2097"]
[WhiteTeam "BRA"]
[BlackTeam "MEX"]
[WhiteClock "0:00:24"]
[BlackClock "0:00:27"]

1. e4 c5 2. Nf3 d6 3. d4 cxd4 4. Nxd4 Nf6 5. Nc3 a6 6. Bg5 e6 7. f4 h6 8. Bxf6 Qxf6 9. f5 Nc6 10. Nb3 b5 11. fxe6 fxe6 12. Bd3 Be7 13. Qh5+ g6 14. Qe2 Ne5 15. O-O-O Bb7 16. Kb1 O-O 17. Rhf1 Qh4 18. Nd4 Bc8 19. Rxf8+ Bxf8 20. g3 Qg4 21. Qe1 Bd7 22. a3 Rc8 23. Be2 Qg5 24. Nf3 Nxf3 25. Bxf3 Qe5 26. Qd2 a5 27. Qd4 Qxd4 28. Rxd4 Kf7 29. b4 0-1

[Event "December 19 Early 2023"]
[Site "https://www.chess.com"]
[Date "2023.12.19"]
[Round "9"]
[White "Krzywda, Andrzej"]
[Black "Blokhin, Sofia"]
[Result "0-1"]
[Board "104"]
[TimeControl "180+1"]
[WhiteFideId "1114565"]
[BlackFideId "4508190"]
[WhiteElo "2130"]
[BlackElo "1916"]
[WhiteTeam "POL"]
[BlackTeam "EST"]
[WhiteClock "0:00:11"]
[BlackClock "0:00:08"]

1. e4 c5 2. Nf3 d6 3. d4 cxd4 4. Nxd4 a6 5. Bd3 Nf6 6. O-O e5 7. Ne2 Nc6 8. Ng3 Be7 9. c4 O-O 10. Nc3 Be6 11. Nf5 Bxf5 12. exf5 Nd4 13. Ne2 Nc6 14. Ng3 Rc8 15. b3 Re8 16. Bb2 Nb4 17. Bb1 d5 18. a3 Nc6 19. cxd5 Nxd5 20. Re1 Bf6 21. Ne4 Nf4 22. Nd6 Qe7 23. Nxc8 Rxc8 24. Be4 Rd8 25. Qf3 Rd2 26. Bc3 Nd4 27. Bxd4 Rxd4 28. Bxb7 Rd3 29. Qc6 h6 30. Bxa6 Rxb3 31. a4 Qb4 32. Bc4 Rc3 33. Qe8+ Kh7 34. Bxf7 h5 35. Bxh5 Qb7 36. f3 Qb6+ 37. Kh1 Qf2 38. Rg1 Rc2 39. Bg6+ Kh6 40. Qh8+ Kg5 41. h4+ Qxh4+ 42. Qxh4+ Kxh4 43. a5 Ne2 44. Rge1 Ng3+ 45. Kg1 e4 46. Rxe4+ Nxe4 47. fxe4 Bxa1 48. a6 Kg3 49. Kf1 Rc1+ 50. Ke2 Rc2+ 51. Kd3 Ra2 52. Bf7 Rxa6 53. Bc4 Ra3+ 54. Kc2 Kxg2 55. Kb1 Bf6 56. Kc2 Re3 57. Bd5 Kg3 58. Kd2 Kf4 59. Bc6 Rxe4 60. Bxe4 Kxe4 61. Ke2 Kxf5 62. Kf1 Kf4 63. Kg2 Kg4 64. Kh2 Kf3 65. Kh3 g5 66. Kh2 g4 67. Kh1 Kf2 68. Kh2 g3+ 69. Kh3 g2 70. Kh2 g1=Q+ 71. Kh3 Qg3# 0-1

[Event "December 19 Early 2023"]
[Site "https://www.chess.com"]
[Date "2023.12.19"]
[Round "9"]
[White "Fernandez Siles, Luis"]
[Black "Tabuenca Mendataurigoitia, Daniel"]
[Result "0-1"]
[Board "105"]
[TimeControl "180+1"]
[WhiteFideId "2209420"]
[BlackFideId "24563617"]
[WhiteElo "2195"]
[BlackElo "2130"]
[WhiteTeam "ESP"]
[BlackTeam "ESP"]
[WhiteClock "0:00:02"]
[BlackClock "0:00:04"]

1. e4 Nc6 2. Nf3 d6 3. d4 Nf6 4. Nc3 g6 5. d5 Nb8 6. h3 Bg7 7. Be2 O-O 8. O-O c6 9. Be3 e5 10. dxe6 Bxe6 11. Bg5 Qc7 12. Bf4 Rd8 13. Qc1 Nbd7 14. Nd4 Nc5 15. Nxe6 Nxe6 16. Bg3 Qb6 17. Rd1 d5 18. exd5 cxd5 19. Bf3 Nd4 20. Be2 Rac8 21. Be5 Nxe2+ 22. Nxe2 Re8 23. Bd4 Qc6 24. Nc3 Ne4 25. Bxg7 Kxg7 26. Nxd5 Qxc2 27. Qf4 Qxb2 28. Rab1 Qxa2 29. Rxb7 Qxf2+ 30. Qxf2 Nxf2 31. Kxf2 Rc2+ 32. Kf3 Ree2 33. Ne3 Rf2+ 34. Ke4 Ra2 35. Rdd7 Ra4+ 36. Ke5 Ra5+ 37. Ke4 Ra4+ 38. Kd3 Ra3+ 39. Ke4 a5 40. Ng4 Ra4+ 41. Ke3 Rf5 42. Ra7 h5 43. Nh2 Ra3+ 44. Ke4 Ra4+ 45. Ke3 Ra3+ 46. Ke4 Ra2 47. Nf3 Rxg2 48. Ne5 Re2+ 49. Kd4 Rexe5 50. Rxf7+ Rxf7 51. Rxf7+ Kxf7 52. Kxe5 a4 0-1

[Event "December 19 Early 2023"]
[Site "https://www.chess.com"]
[Date "2023.12.19"]
[Round "9"]
[White "Piddubna, Bozhena"]
[Black "Reprintsev, Alexander"]
[Result "0-1"]
[Board "106"]
[TimeControl "180+1"]
[WhiteFideId "34109293"]
[BlackFideId "14100541"]
[WhiteElo "1874"]
[BlackElo "2229"]
[WhiteTeam "UKR"]
[BlackTeam "UKR"]
[WhiteClock "0:00:00"]
[BlackClock "0:00:14"]

1. d4 d5 2. Nf3 Nc6 3. g3 Bf5 4. Bg2 Nb4 5. Na3 e6 6. O-O h6 7. c3 Nc6 8. Nc2 Nf6 9. a4 Be7 10. a5 O-O 11. b4 a6 12. Re1 Be4 13. Na3 Bd6 14. Nb1 e5 15. Nbd2 Bh7 16. dxe5 Nxe5 17. Nxe5 Bxe5 18. Bb2 c6 19. Nf3 Bc7 20. Qb3 Re8 21. Rad1 Qe7 22. c4 dxc4 23. Qxc4 Be4 24. Bd4 Bd5 25. Qc3 Ne4 26. Qb2 f6 27. Nh4 Qf7 28. Nf5 Rad8 29. Ne3 Bb3 30. Rc1 Nd6 31. Bc5 Nb5 32. h4 Be6 33. Rcd1 Be5 34. Qb1 Rxd1 35. Qxd1 Bc3 36. Rf1 Bb3 37. Qd3 Be6 38. Rc1 Be5 39. Rd1 Bc7 40. Bf3 Rd8 41. Qb1 Rxd1+ 42. Qxd1 Qe8 43. Bg4 Bxg4 44. Nxg4 Qd8 45. Qxd8+ Bxd8 46. Ne3 Kf7 47. Nc4 Be7 48. Bxe7 Kxe7 49. e4 Nc3 50. f3 Na2 51. e5 Nxb4 52. exf6+ gxf6 53. Kf2 Nd5 54. g4 b5 0-1

[Event "December 19 Early 2023"]
[Site "https://www.chess.com"]
[Date "2023.12.19"]
[Round "9"]
[White "Tikhonov, Viacheslav"]
[Black "Vincenti, Leonardo"]
[Result "1-0"]
[Board "107"]
[TimeControl "180+1"]
[WhiteFideId "44196407"]
[BlackFideId "28550820"]
[WhiteElo "2209"]
[BlackElo "2054"]
[WhiteTeam "RUS"]
[BlackTeam "ITA"]
[WhiteClock "0:01:17"]
[BlackClock "0:01:53"]

1. e4 e6 2. d4 d5 3. Nc3 Nf6 4. Bg5 dxe4 5. Nxe4 Be7 6. Bxf6 Bxf6 7. Nf3 Nd7 8. c3 O-O 9. Bd3 Be7 10. Qe2 Nc5 11. Nxc5 Bxc5 12. dxc5 Qd5 13. Qe4 Qh5 14. g4 Qh6 15. g5 Qh3 16. Qh4 Qxh4 17. Nxh4 e5 18. O-O-O g6 19. f3 Be6 20. Kc2 Bxa2 21. b3 Rad8 22. Bc4 e4 23. Rxd8 Rxd8 24. fxe4 Re8 25. Nf3 Rxe4 26. Ra1 Rf4 27. Nd2 Rg4 28. Rxa2 Rxg5 29. Rxa7 Rg2 30. Rxb7 Rxh2 31. Rxc7 h5 32. Rxf7 h4 33. Rf2+ 1-0

[Event "December 19 Early 2023"]
[Site "https://www.chess.com"]
[Date "2023.12.19"]
[Round "9"]
[White "Yushko, Olga"]
[Black "Hnydiuk, Aleksander"]
[Result "0-1"]
[Board "108"]
[TimeControl "180+1"]
[WhiteFideId "14114500"]
[BlackFideId "1109057"]
[WhiteElo "1891"]
[BlackElo "2374"]
[WhiteTeam "UKR"]
[BlackTeam "POL"]
[WhiteClock "0:01:22"]
[BlackClock "0:01:01"]

1. d4 Nf6 2. c4 c5 3. d5 b5 4. cxb5 a6 5. b6 d6 6. Nc3 Nbd7 7. e4 g6 8. Nf3 Bg7 9. h3 O-O 10. Bd3 Qxb6 11. O-O Ne8 12. Re1 Nc7 13. Qc2 Nb5 14. Bg5 Re8 15. Bf4 Bb7 16. Bc4 Rac8 17. e5 Nd4 18. Nxd4 cxd4 19. Na4 Qc7 20. e6 fxe6 21. dxe6 Ne5 22. Bxe5 Bxe5 23. Rac1 Bf4 24. Qd3 Bxc1 25. Rxc1 d5 26. Qxd4 dxc4 27. Rc3 Qc6 28. Rg3 Qxa4 29. Qf4 Qd1+ 30. Kh2 Rf8 31. Qh6 Rf6 32. h4 Qd4 33. h5 Qh4+ 34. Rh3 Qf4+ 35. Rg3 Qxh6 0-1

[Event "December 19 Early 2023"]
[Site "https://www.chess.com"]
[Date "2023.12.19"]
[Round "9"]
[White "Sailer, Mike"]
[Black "Kanyamarala, Tarun"]
[Result "0-1"]
[Board "109"]
[TimeControl "180+1"]
[WhiteFideId "2012901"]
[BlackFideId "45004714"]
[WhiteElo "2109"]
[BlackElo "2318"]
[WhiteTeam "USA"]
[BlackTeam "IRL"]
[WhiteClock "0:00:00"]
[BlackClock "0:00:10"]

1. d4 Nf6 2. Nc3 e5 3. dxe5 Ng4 4. Nf3 Nc6 5. Bf4 Bc5 6. e3 f6 7. exf6 Nxf6 8. Bc4 d6 9. h3 Na5 10. Bd3 Be6 11. O-O Qd7 12. a3 Nc6 13. b4 Bb6 14. Ng5 Bf5 15. Bxf5 Qxf5 16. Qd3 Qd7 17. Nd5 O-O-O 18. Nxb6+ axb6 19. c3 Rde8 20. a4 h6 21. Nf3 Nb8 22. b5 g5 23. Bh2 g4 24. hxg4 Qxg4 25. Qd4 Ne4 26. a5 Rhg8 27. Ne1 bxa5 28. f3 Qh4 29. fxe4 b6 30. Qf6 Qxe4 31. Qf5+ Qxf5 32. Rxf5 Rxe3 33. c4 Rc3 34. Rf4 Nd7 35. Rh4 Nc5 36. Ra2 Rc1 37. Re2 a4 38. Kf2 a3 39. Rh3 Ra1 40. Rxh6 a2 41. Rxa2 Rxa2+ 42. Kf3 Re8 43. Bg3 Ra3+ 44. Kg4 Rg8+ 45. Kh3 Raxg3+ 0-1

[Event "December 19 Early 2023"]
[Site "https://www.chess.com"]
[Date "2023.12.19"]
[Round "9"]
[White "Kahlert, Thomas"]
[Black "Yuan, Qingyu"]
[Result "0-1"]
[Board "110"]
[TimeControl "180+1"]
[WhiteFideId "4625242"]
[BlackFideId "8609772"]
[WhiteElo "2221"]
[BlackElo "2359"]
[WhiteTeam "GER"]
[BlackTeam "CHN"]
[WhiteClock "0:01:49"]
[BlackClock "0:01:08"]

1. d4 Nf6 2. Nf3 d5 3. c4 e6 4. Nc3 a6 5. cxd5 exd5 6. Bg5 Be6 7. Qc2 Nbd7 8. e3 Bd6 9. Bd3 c6 10. O-O Qb8 11. e4 dxe4 12. Nxe4 Nxe4 13. Bxe4 h6 14. Bh4 O-O 15. Rfe1 Re8 16. Bf5 Nf8 17. Bg3 Bxg3 18. hxg3 Qd6 19. a3 Rad8 20. Rad1 Bd5 21. Ne5 Re7 22. Re3 Rde8 23. Rde1 Be6 24. Nf3 Bxf5 25. Qxf5 Rxe3 26. Rxe3 Rxe3 27. fxe3 Qxg3 28. Qc8 g5 29. Qxb7 g4 30. Ne5 Qxe3+ 31. Kh2 Qf4+ 32. g3 Qf2+ 33. Kh1 Qf1+ 34. Kh2 Qh3+ 35. Kg1 Qxg3+ 36. Kf1 Qf4+ 37. Kg1 Qxd4+ 0-1

[Event "December 19 Early 2023"]
[Site "https://www.chess.com"]
[Date "2023.12.19"]
[Round "9"]
[White "Nigalidze, Gaioz"]
[Black "Wanyama, Harold"]
[Result "1-0"]
[Board "111"]
[TimeControl "180+1"]
[WhiteFideId "13603078"]
[BlackFideId "10000380"]
[WhiteElo "2400"]
[BlackElo "2228"]
[WhiteTeam "GEO"]
[BlackTeam "UGA"]
[WhiteClock "0:01:00"]
[BlackClock "0:01:01"]

1. d4 d5 2. c4 e6 3. cxd5 exd5 4. Nc3 c6 5. Nf3 Nf6 6. Bg5 Bd6 7. e3 Nbd7 8. Bd3 O-O 9. Qc2 h6 10. Bh4 Re8 11. O-O-O Qa5 12. Kb1 b5 13. g4 b4 14. Na4 c5 15. dxc5 Nxc5 16. Nxc5 Bxc5 17. Bxf6 gxf6 18. Bf5 b3 19. axb3 Bb7 20. Nd4 Qb6 21. h4 a5 22. g5 Bf8 23. Rhg1 Kh8 24. g6 fxg6 25. Rxg6 Bg7 26. Rdg1 Re7 27. Ne6 Rc8 28. Qd3 Rxe6 29. Rxg7 1-0

[Event "December 19 Early 2023"]
[Site "https://www.chess.com"]
[Date "2023.12.19"]
[Round "9"]
[White "Kim, Sergey"]
[Black "Stillger, Bernhard"]
[Result "0-1"]
[Board "112"]
[TimeControl "180+1"]
[WhiteFideId "13700570"]
[BlackFideId "4610768"]
[WhiteElo "2589"]
[BlackElo "2252"]
[WhiteTeam "KAZ"]
[BlackTeam "GER"]
[WhiteClock "0:01:37"]
[BlackClock "0:01:21"]

1. d4 Nf6 2. c4 g6 3. Nc3 d5 4. cxd5 Nxd5 5. e4 Nxc3 6. bxc3 Bg7 7. Bc4 c5 8. Ne2 Nc6 9. Be3 O-O 10. O-O Na5 11. Bd3 b6 12. Qd2 cxd4 13. cxd4 e6 14. Bh6 Bb7 15. Bxg7 Kxg7 16. Qf4 Qf6 17. Qg3 Rac8 18. Rac1 Rxc1 19. Rxc1 Rc8 20. Rxc8 Bxc8 21. Qc7 Bb7 22. f4 Qh4 23. Ng3 Qf6 24. Ne2 Qh4 25. g3 Qg4 26. Kg2 Bxe4+ 0-1

[Event "December 19 Early 2023"]
[Site "https://www.chess.com"]
[Date "2023.12.19"]
[Round "9"]
[White "Gurevich, Dmitry"]
[Black "Aswath, S"]
[Result "0-1"]
[Board "113"]
[TimeControl "180+1"]
[WhiteFideId "2000407"]
[BlackFideId "46694919"]
[WhiteElo "2506"]
[BlackElo "2138"]
[WhiteTeam "USA"]
[BlackTeam "IND"]
[WhiteClock "0:00:00"]
[BlackClock "0:00:19"]

1. d4 Nf6 2. c4 e6 3. g3 d5 4. Bg2 Bb4+ 5. Nd2 O-O 6. Nf3 dxc4 7. Qc2 b5 8. a4 Bb7 9. axb5 a6 10. bxa6 Nxa6 11. O-O c5 12. dxc5 Bxc5 13. Qxc4 Bd5 14. Qh4 Nb4 15. Rxa8 Qxa8 16. Ne1 Rd8 17. Bxd5 Qxd5 18. Qc4 Qxc4 19. Nxc4 Ng4 20. Kg2 Nxf2 21. Rxf2 Rd1 22. Bd2 Nd5 23. Nd3 Bxf2 24. Kxf2 f6 25. e4 Ne7 26. h4 Nc6 27. b4 Nd4 28. Ke3 e5 29. Bc3 Nb5 30. Bd2 Rb1 31. Nb6 Rb3 32. Nd5 Nd4 33. Be1 Nc2+ 34. Kd2 Nd4 35. Ke3 Kf7 36. Bd2 g6 37. g4 h5 38. gxh5 gxh5 39. Be1 Nc2+ 40. Kd2 Nd4 41. Ke3 Ke6 42. Bc3 Kf7 43. Bxd4 exd4+ 44. Kxd4 Kg6 45. Kc4 Rb1 46. b5 f5 47. b6 fxe4 48. N3b4 Rc1+ 49. Kd4 Rc8 50. b7 Rb8 51. Ne7+ Kf7 0-1

[Event "December 19 Early 2023"]
[Site "https://www.chess.com"]
[Date "2023.12.19"]
[Round "9"]
[White "Tay, Junior"]
[Black "Fishchuk, Vladyslav"]
[Result "1-0"]
[Board "114"]
[TimeControl "180+1"]
[WhiteFideId "5800439"]
[BlackFideId "34122117"]
[WhiteElo "2216"]
[BlackElo "2055"]
[WhiteTeam "SGP"]
[BlackTeam "UKR"]
[WhiteClock "0:01:28"]
[BlackClock "0:00:05"]

1. e4 c5 2. Nf3 Nf6 3. Nc3 d5 4. exd5 Nxd5 5. Bc4 Nxc3 6. bxc3 e6 7. O-O Bd6 8. d4 O-O 9. Re1 Nd7 10. Bd3 Qc7 11. Qe2 b6 12. Qe4 Nf6 13. Qh4 c4 14. Bf1 Bb7 15. Ne5 Nd5 16. Bd2 Bxe5 17. Rxe5 Rae8 18. Rh5 Nf6 19. Re5 Nd7 20. Rg5 Nf6 21. Rxg7+ Kxg7 22. Qg5+ Kh8 23. Qxf6+ Kg8 24. Bh6 1-0

[Event "December 19 Early 2023"]
[Site "https://www.chess.com"]
[Date "2023.12.19"]
[Round "9"]
[White "Kiselev, Pavel"]
[Black "Baches Garcia, Guillermo"]
[Result "0-1"]
[Board "115"]
[TimeControl "180+1"]
[WhiteFideId "4191102"]
[BlackFideId "2209764"]
[WhiteElo "2145"]
[BlackElo "2498"]
[WhiteTeam "RUS"]
[BlackTeam "ESP"]
[WhiteClock "0:00:02"]
[BlackClock "0:00:36"]

1. Nf3 d5 2. d4 Nf6 3. c4 e6 4. g3 Be7 5. Bg2 O-O 6. O-O dxc4 7. a4 a6 8. Qc2 Bd7 9. Qxc4 Bc6 10. Bf4 Bd6 11. Bxd6 Qxd6 12. Nc3 a5 13. e3 Nbd7 14. Rac1 Bxf3 15. Bxf3 c6 16. Qb3 Qb4 17. Qc2 Rfd8 18. Rfd1 Rac8 19. Na2 Qe7 20. Qc3 Ra8 21. Qb3 Rab8 22. Qc3 Ra8 23. Qb3 Rab8 24. e4 h6 25. Nc3 Nf8 26. e5 Nd5 27. Bxd5 exd5 28. f4 h5 29. Qc2 h4 30. Qg2 hxg3 31. hxg3 Ne6 32. f5 Ng5 33. Rf1 f6 34. Rce1 Re8 35. g4 Qb4 36. Qd2 Re7 37. exf6 gxf6 38. Rxe7 Qxe7 39. Qf4 Re8 40. Kf2 Nh3+ 41. Kg3 Nxf4 42. Rxf4 Qe1+ 43. Kf3 Re3+ 44. Kg2 Qg3+ 45. Kf1 Re1# 0-1

[Event "December 19 Early 2023"]
[Site "https://www.chess.com"]
[Date "2023.12.19"]
[Round "9"]
[White "Czerw, Dawid"]
[Black "Khodabandeh, Milad"]
[Result "1-0"]
[Board "116"]
[TimeControl "180+1"]
[WhiteFideId "1145746"]
[BlackFideId "12538620"]
[WhiteElo "2144"]
[BlackElo "1846"]
[WhiteTeam "POL"]
[BlackTeam "IRI"]
[WhiteClock "0:03:00"]
[BlackClock "0:00:18"]

1. e4 e5 2. Nf3 Nc6 3. Bb5 a6 4. Ba4 Nf6 5. d4 exd4 6. O-O Be7 7. e5 Ne4 8. Nxd4 Nc5 9. Nf5 O-O 10. Qg4 g6 11. Bxc6 dxc6 12. Nxe7+ Qxe7 13. Qg3 Re8 14. Nc3 Bf5 15. Bf4 Ne6 16. Bh6 Nd4 17. f4 Nxc2 18. Bg5 Qc5+ 19. Kh1 Nxa1 20. Rxa1 h5 21. Bf6 Rad8 22. Qg5 Rd2 23. Qh6 1-0

[Event "December 19 Early 2023"]
[Site "https://www.chess.com"]
[Date "2023.12.19"]
[Round "9"]
[White "Hrebenshchykova, Yelyzaveta"]
[Black "Tarasova, Viktoriya"]
[Result "1-0"]
[Board "117"]
[TimeControl "180+1"]
[WhiteFideId "14159899"]
[BlackFideId "4175840"]
[WhiteElo "2045"]
[BlackElo "2182"]
[WhiteTeam "UKR"]
[BlackTeam "RUS"]
[WhiteClock "0:00:27"]
[BlackClock "0:00:08"]

1. e4 e5 2. Nf3 Nc6 3. Bb5 Nf6 4. O-O Nxe4 5. d4 Nd6 6. Bxc6 dxc6 7. dxe5 Nf5 8. Qxd8+ Kxd8 9. Rd1+ Ke8 10. Nc3 h6 11. h3 Ne7 12. Ne4 Ng6 13. b3 Be6 14. c4 Be7 15. Bb2 Rd8 16. Nd4 Nf4 17. Nxe6 Nxe6 18. g3 Nc5 19. Rxd8+ Kxd8 20. Rd1+ Kc8 21. Nxc5 Bxc5 22. e6 fxe6 23. Bxg7 Rh7 24. Be5 Rf7 25. Rd2 Rf5 26. Bb2 Bb4 27. Re2 Kd7 28. Kg2 h5 29. g4 hxg4 30. hxg4 Rg5 31. Kg3 Bd6+ 32. f4 Rg8 33. Bf6 b5 34. g5 Be7 35. Rd2+ Ke8 36. Be5 Bd8 37. Kg4 Rf8 38. Rh2 bxc4 39. bxc4 Rg8 40. Rh7 Be7 41. Bxc7 Kd7 42. Be5 Rg6 43. Bf6 1-0

[Event "December 19 Early 2023"]
[Site "https://www.chess.com"]
[Date "2023.12.19"]
[Round "9"]
[White "Zhuk, Valeriy"]
[Black "Azali, Tannaz"]
[Result "0-1"]
[Board "118"]
[TimeControl "180+1"]
[WhiteFideId "24151254"]
[BlackFideId "12537721"]
[WhiteElo "2148"]
[BlackElo "1828"]
[WhiteTeam "RUS"]
[BlackTeam "IRI"]
[WhiteClock "0:00:00"]
[BlackClock "0:00:19"]

1. Nf3 Nf6 2. c4 e6 3. d4 Bb4+ 4. Bd2 Qe7 5. g3 Bxd2+ 6. Qxd2 Nc6 7. Nc3 O-O 8. Bg2 d5 9. O-O dxc4 10. Ne5 Nxe5 11. dxe5 Nd7 12. f4 Rb8 13. Qd4 Qc5 14. Rad1 Qxd4+ 15. Rxd4 Nb6 16. Rfd1 f6 17. Nb5 fxe5 18. fxe5 c6 19. Nxa7 Ra8 20. Nxc8 Rfxc8 21. Bh3 Re8 22. a3 c3 23. bxc3 Rxa3 24. Rd6 Kf7 25. Rf1+ Kg8 26. Bxe6+ Kh8 27. c4 Re3 28. c5 Na4 29. Bd7 Rb8 30. e6 Nxc5 31. Rf5 Nxd7 32. exd7 Rd8 33. Rf3 Re7 34. Rfd3 Kg8 35. Kf2 Kf7 36. Kf3 Re6 37. e4 Rxd6 38. Rxd6 Ke7 0-1

[Event "December 19 Early 2023"]
[Site "https://www.chess.com"]
[Date "2023.12.19"]
[Round "9"]
[White "Martin, Lewis"]
[Black "Lacasa Diaz, Josep Anton"]
[Result "1-0"]
[Board "119"]
[TimeControl "180+1"]
[WhiteFideId "410551"]
[BlackFideId "2203375"]
[WhiteElo "2145"]
[BlackElo "2338"]
[WhiteTeam "ENG"]
[BlackTeam "ESP"]
[WhiteClock "0:00:14"]
[BlackClock "0:00:00"]

1. c4 c5 2. g3 Nf6 3. Bg2 Nc6 4. Nc3 e6 5. e4 d5 6. exd5 exd5 7. Nxd5 Nxd5 8. Bxd5 Nb4 9. Be4 Nd3+ 10. Ke2 Nxc1+ 11. Rxc1 Be7 12. Nf3 O-O 13. Re1 Bh3 14. d3 Bf6 15. Rc2 Qa5 16. a3 Rfe8 17. Qd2 Qb6 18. Kd1 Rad8 19. Kc1 Bg2 20. Qf4 Qb3 21. Qf5 Bxf3 22. Qxh7+ Kf8 23. Qh8+ Ke7 24. Bxf3+ Kd7 25. Bg4+ Kc7 26. Rxe8 Bxb2+ 27. Rxb2 Qc3+ 28. Rc2 Qxa3+ 29. Kb1 Qb3+ 30. Kc1 Qa3+ 31. Rb2 Qc3+ 32. Kb1 Qxd3+ 33. Ka1 1-0